 Dungeon Crawl Stone Soup version 0.19-a0-1361-g42bf4bf (webtiles) character file.

11986 Redz the Carver (level 11, -1/59 HPs)
             Began as a Vine Stalker Warper on Sept 2, 2016.
             Was a High Priest of Okawaru.
             Slain by a killer bee (5 damage)
             ... on level 12 of the Dungeon.
             The game lasted 01:18:46 (12809 turns).

Redz the Carver (Vine Stalker Warper)              Turns: 12809, Time: 01:18:46

Health: -1/59      AC: 13    Str: 21    XL:     11   Next: 86%
Magic:  0/21       EV: 14    Int: 19    God:    Okawaru [*****.]
Gold:   659        SH:  8    Dex: 14    Spells: 4 memorised, 13 levels left

rFire  . . .     SeeInvis .     I - +0 scimitar
rCold  . . .     Gourm    .     b - +0 leather armour
rNeg   . . .     Faith    .     h - +0 buckler
rPois  .         Spirit   +     L - +2 hat
rElec  .         Dismiss  .     w - +1 cloak
rCorr  .         Reflect  +     (no gloves)
MR     +....     Harm     .     G - +4 pair of boots "Yfisiel" {Int+3}
Stlth  ++++......               H - +3 amulet of reflection
                                E - +2 ring of strength
                                N - ring of flight

@: mighty, lethally poisoned (-1 -> -1)
A: fangs 3, regeneration 1, magic shield, antimagic bite, no device heal 3, rot
immunity
a: Heroism, Finesse, Renounce Religion, Evoke Flight


You were on level 12 of the Dungeon.
You worshipped Okawaru.
Okawaru was extremely pleased with you.
You were not hungry.

You visited 2 branches of the dungeon, and saw 13 of its levels.

You collected 659 gold pieces.

Inventory:

Hand Weapons
 a - a +1 falchion
 y - a +0 falchion of holy wrath
 I - a +0 scimitar (weapon)
Missiles
 e - 5 tomahawks of dispersal (quivered)
Armour
 b - a +0 leather armour (worn)
 h - a +0 buckler (worn)
 w - a +1 cloak (worn)
 G - the +4 pair of boots "Yfisiel" (worn) {Int+3}
   (You found it on level 12 of the Dungeon)

   It affects your intelligence (+3).
 L - a +2 hat (worn)
 O - a +1 ring mail of cold resistance
Jewellery
 u - an uncursed ring of fire
 E - a +2 ring of strength (right hand)
 H - a +3 amulet of reflection (around neck)
 N - a ring of flight (left hand)
Wands
 r - a wand of iceblast (1/15)
 v - a wand of lightning (14/15)
 B - a wand of paralysis (13/24)
 F - a wand of paralysis (20/24)
Scrolls
 d - 2 scrolls of blinking
 i - a scroll of immolation
 j - 7 scrolls of identify
 m - a scroll of enchant weapon
 o - a scroll of amnesia
 p - a scroll of enchant armour
 q - 6 scrolls of remove curse
 s - a scroll of fog
 z - 3 scrolls of magic mapping
Potions
 n - 3 potions of brilliance
 K - a potion of flight
 Q - a potion of haste
Books
 c - a book of Spatial Translocations

   Spells                             Type                      Level
   a - Apportation                    Translocation                1
   b - Blink                          Translocation                2
   c - Shroud of Golubria             Charms/Translocation         2
   d - Portal Projectile              Translocation                3
   e - Teleport Other                 Translocation                3
   f - Passage of Golubria            Translocation                4
 g - a book of Clouds

   Spells                             Type                      Level
   a - Mephitic Cloud                 Conjuration/Poison/Air       3
   b - Conjure Flame                  Conjuration/Fire             3
   c - Poisonous Cloud                Conjuration/Poison/Air       6
   d - Freezing Cloud                 Conjuration/Ice/Air          6
   e - Ring of Flames                 Charms/Fire                  7
 A - a book of Alchemy

   Spells                             Type                      Level
   a - Sublimation of Blood           Necromancy                   2
   b - Ignite Poison                  Fire/Transmutation/Poison    3
   c - Petrify                        Transmutation/Earth          4
   d - Alistair's Intoxication        Transmutation/Poison         5
   e - Irradiate                      Conjuration/Transmutation    5
 C - a book of Transfigurations

   Spells                             Type                      Level
   a - Irradiate                      Conjuration/Transmutation    5
   b - Statue Form                    Transmutation/Earth          6
   c - Hydra Form                     Transmutation                6
   d - Dragon Form                    Transmutation                7
 D - a book of Annihilations

   Spells                             Type                      Level
   a - Poison Arrow                   Conjuration/Poison           6
   b - Chain Lightning                Conjuration/Air              8
   c - Lehudib's Crystal Spear        Conjuration/Earth            8
   d - Glaciate                       Conjuration/Ice              9
   e - Fire Storm                     Conjuration/Fire             9
Comestibles
 f - 10 bread rations
 k - 4 chunks of flesh
 l - 7 beef jerkies
 J - 2 fruits


   Skills:
 * Level 7.7 Fighting
 * Level 8.2 Long Blades
 - Level 0.8 Throwing
 + Level 4.6 Armour
 + Level 5.0 Dodging
 + Level 8.1 Stealth
 + Level 5.0 Shields
 + Level 6.4 Spellcasting
 + Level 6.3 Translocations


You had 13 spell levels left.
You knew the following spells:

 Your Spells              Type           Power        Failure   Level  Hunger
a - Apportation           Tloc           ####......   1%          1    None
b - Blink                 Tloc           N/A          1%          2    None
c - Shroud of Golubria    Chrm/Tloc      ###.......   6%          2    None
d - Passage of Golubria   Tloc           N/A          12%         4    ####...


Dungeon Overview and Level Annotations

Branches:
Dungeon (12/15)            Temple (1/1) D:7            Lair (0/6) D:11
    Orc: D:9-12

Altars:
Ashenzari
Cheibriados
Dithmenos
Elyvilon
Fedhas
Gozag
Hepliaklqana
Kikubaaqudgha
Makhleb
Nemelex Xobeh
Okawaru
Qazlal
Ru
Sif Muna
Trog
Uskayaw
Vehumet
Xom
Yredelemnul
Zin
The Shining One

Shops:
D:8 *   D:10 !

Annotations:
D:8 Prince Ribbit
D:11 GordonOverkill's ghost, journeyman HOMo; serious's ghost, journeyman DsGl
D:12 Snorg


Innate Abilities, Weirdness & Mutations

You have razor-sharp teeth.
Your natural rate of healing is unusually fast.
When hurt, damage is shared between your health and your magic reserves.
Your bite disrupts and absorbs the magic of your enemies.
Potions and wands cannot restore your health.
You are immune to rotting.


Message History

* * * LOW HITPOINT WARNING * * *
You block the killer bee's attack.
You barely miss the killer bee.
The killer bee is heavily wounded.
You feel sick. The killer bee stings you!
* * * LOW HITPOINT WARNING * * *
You block the killer bee's attack.
Okay, then.
You feel sick. You block the killer bee's attack.
You enter the passage of Golubria.
There is a passage of Golubria here.
You feel sick.
You feel sick.
You feel sick. The killer bee closely misses you.
The killer bee closely misses you.
You slash the killer bee! Your bite misses the killer bee.
The killer bee is almost dead.
You feel sick. The killer bee stings you!
You die...

##).#...
#.#.###..#.#
#.......^..#
###.###..### #..#
#..####.# ###
#y......# #. ..#
#y####### #.
#.#######@# #.
#......##.#
#.###.####.##.##
#.....####.#...####
#..................
#..#####......#####
#..# #.###.##
#..### #.# #.#
#....# #.# #.#


You could see 2 killer bees.

Vanquished Creatures
  Pikel (D:7)
  3 hill giants
  An ugly thing (D:12)
  A centaur zombie (D:10)
  2 two-headed ogres (D:9)
  Sigmund (D:3)
  A vampire (D:10)
  5 yaks
  Grum (D:9)
  The ghost of cuftamc98 the Shield-Bearer, an amateur FoFi (D:3)
  2 hungry ghosts
  Menkaure (D:4)
  A hippogriff (D:9)
  A water moccasin (D:8)
  Duvessa (D:5)
  A phantom (D:10)
  3 sky beasts (D:7)
  4 ice beasts
  A necrophage (D:8)
  6 ogres
  6 orc warriors
  A wasp (D:7)
  3 wolves
  3 centaurs
  15 big kobolds (D:9)
  5 giant frogs
  Dowan (D:5)
  6 scorpions
  A water moccasin skeleton (D:8)
  13 killer bees
  9 wights
  A howler monkey (D:6)
  3 crimson imps
  2 giant frog zombies
  A quasit (D:8)
  2 jellies
  4 hounds
  5 orc priests
  Crazy Yiuf (D:7)
  2 giant frog skeletons
  8 orc wizards
  8 iguanas
  3 centaur skeletons
  6 worker ants
  A hound skeleton (D:7)
  A worker ant zombie (D:10)
  3 gnolls (D:3)
  10 adders
  A howler monkey skeleton (D:7)
  2 shadow imps
  An ooze (D:5)
  An adder skeleton (D:5)
  2 worms
  A dart slug (D:2)
  6 giant geckos
  53 orcs
  2 giant cockroaches
  5 hobgoblins
  12 jackals
  7 quokkas
  2 ball pythons
  11 bats
  6 giant newts
  11 goblins
  17 kobolds
  9 rats
311 creatures vanquished.

Vanquished Creatures (others)
  A slave (D:7)
  An orc wizard (D:3)
2 creatures vanquished.

Grand Total: 313 creatures vanquished

Notes
Turn   | Place    | Note
-------+----------+-------------------------------------------
     0 | D:1      | Redz the Vine Stalker Warper began the quest for the Orb.
     0 | D:1      | Reached XP level 1. HP: 11/11 MP: 4/4
   158 | D:1      | Reached XP level 2. HP: 13/15 MP: 6/6
   315 | D:1      | You fall through a shaft!
   402 | D:2      | Reached skill level 1 in Stealth
   600 | D:1      | Reached XP level 3. HP: 18/18 MP: 7/7
   806 | D:2      | Learned a level 2 spell: Blink
   809 | D:2      | Learned a level 2 spell: Shroud of Golubria
  1129 | D:2      | Found a basalt altar of Yredelemnul.
  1186 | D:2      | Found a white marble altar of Elyvilon.
  1287 | D:2      | Found a sacrificial altar of Ru.
  1288 | D:2      | Found a deep blue altar of Sif Muna.
  1517 | D:3      | Gained mutation: Your natural rate of healing is unusually fast. [Vine Stalker growth]
  1517 | D:3      | Reached XP level 4. HP: 18/23 MP: 8/8
  1530 | D:3      | Reached skill level 1 in Armour
  1575 | D:3      | Noticed cuftamc98's ghost (amateur FoFi)
  1642 | D:3      | Reached skill level 1 in Shields
  1671 | D:3      | Reached XP level 5. HP: 16/27 MP: 6/9
  1778 | D:3      | Noticed Sigmund
  1895 | D:3      | Found a radiant altar of Vehumet.
  2184 | D:4      | Found a sparkling altar of Nemelex Xobeh.
  2521 | D:4      | Noticed Menkaure
  2604 | D:5      | Entered Level 5 of the Dungeon
  2866 | D:5      | Reached XP level 6. HP: 24/32 MP: 5/11
  3009 | D:5      | Noticed Duvessa
  3381 | D:5      | Noticed a phantom
  3528 | D:2      | Learned a level 4 spell: Passage of Golubria
  4376 | D:6      | Reached XP level 7. HP: 9/36 MP: 8/12
  4754 | D:6      | Gained mutation: You have razor-sharp teeth. [Vine Stalker growth]
  4754 | D:6      | Reached XP level 8. HP: 32/42 MP: 14/14
  5498 | D:7      | HP: 2/42 [poisoned by a killer bee]
  5788 | D:7      | Found a blossoming altar of Fedhas.
  5793 | D:7      | Found a stormy altar of Qazlal.
  5870 | D:7      | Reached skill level 5 in Fighting
  5870 | D:7      | Reached XP level 9. HP: 40/47 MP: 13/16
  6009 | D:7      | Reached skill level 5 in Stealth
  6156 | D:7      | Found a runed door.
  6161 | D:7      | Noticed Crazy Yiuf
  6167 | D:7      | Killed Crazy Yiuf
  6287 | D:7      | Found a staircase to the Ecumenical Temple.
  6297 | Temple   | Entered the Ecumenical Temple
  6316 | Temple   | Became a worshipper of Warmaster Okawaru
  6501 | D:7      | Reached skill level 5 in Long Blades
  7062 | D:8      | Found Joazumah's General Store.
  7108 | D:8      | Reached * piety under Okawaru
  7224 | D:8      | Noticed Prince Ribbit
  7395 | D:8      | Reached skill level 5 in Translocations
  7926 | D:9      | Reached skill level 5 in Spellcasting
  7926 | D:9      | Reached XP level 10. HP: 49/53 MP: 18/18
  8112 | D:9      | Reached ** piety under Okawaru
  8346 | D:9      | Noticed Grum
  8503 | D:9      | Found a sacrificial altar of Ru.
  8589 | D:9      | Killed Grum
  8713 | D:9      | Reached *** piety under Okawaru
  8994 | D:10     | Entered Level 10 of the Dungeon
  9288 | D:10     | Found Uliom's Distillery.
  9409 | D:10     | Reached **** piety under Okawaru
  9599 | D:10     | Noticed a hill giant
  9610 | D:10     | Killed a hill giant
  9610 | D:10     | Reached XP level 11. HP: 37/58 MP: 20/20
 10447 | D:4      | Killed Menkaure
 10530 | D:5      | Reached ***** piety under Okawaru
 10785 | D:5      | Noticed Dowan
 10801 | D:5      | Killed Duvessa
 10804 | D:5      | Killed Dowan
 10914 | D:3      | Killed cuftamc98's ghost
 11001 | D:3      | Killed Sigmund
 11328 | D:7      | Noticed Pikel
 11371 | D:7      | Killed Pikel
 11663 | D:11     | Found a staircase to the Lair.
 11790 | D:11     | Noticed serious's ghost (journeyman DsGl)
 12132 | D:11     | Noticed a hill giant
 12144 | D:11     | Killed a hill giant
 12150 | D:11     | Received a gift from Okawaru
 12151 | D:11     | Got a bloodstained scale mail {god gift}
 12279 | D:10     | Identified the +2 scale mail "Puolepp" {*Confuse +Blink Regen+ Dex+3} (Okawaru gifted it to you on level 11 of the Dungeon)
 12362 | D:11     | Noticed GordonOverkill's ghost (journeyman HOMo)
 12532 | D:12     | Reached skill level 5 in Dodging
 12632 | D:12     | Noticed Snorg
 12635 | D:12     | Got a pair of translucent boots
 12651 | D:12     | Identified the +4 pair of boots "Yfisiel" {Int+3} (You found it on level 12 of the Dungeon)
 12752 | D:12     | Noticed a hill giant
 12762 | D:12     | Killed a hill giant
 12762 | D:12     | Reached skill level 5 in Shields
 12770 | D:12     | Noticed a green ugly thing
 12788 | D:12     | Killed a green ugly thing
 12809 | D:12     | Slain by a killer bee

Vault maps used:
D:1:      minmay_arrival_open_corners
D:2:      gammafunk_temple_overflow_statue, kennysheep_ying_yang, first_bread,
          minivault_14
D:3:      marbit_many_paths, uniq_sigmund
D:4:      lemuel_coloured_pillars_altar, st_stairs_14, uniq_menkaure
D:5:      uniq_duvessa
D:7:      grunt_temple_overflow_forces_of_nature, grunt_ogre_cave,
          uniq_crazy_yiuf_cottage, uniq_pikel
D:8:      serial_shops, shop, uniq_psyche, uniq_prince_ribbit1
D:9:      lemuel_statue_altar, uniq_grum
D:10:     serial_shops, nicolae_shop_window_shopping
D:11:     dpeg_oklobed_lair, hangedman_abyss_or_decor_slice
D:12:     david_orc_4, uniq_snorg
Temple:   cyrus_circular_temple

Skill      XL: |  1  2  3  4  5  6  7  8  9 10 11 |
---------------+----------------------------------+-----
Long Blades    | 2 3 4 5 7 8 |  8.2
Stealth        | 1 2 3 4 6 7 8 |  8.1
Fighting       | 2 3 4 5 6 7 |  7.7
Armour         | 1 2 3 4 |  4.6
Shields        | 1 2 3 4 5 |  5.0
Dodging        | 2 3 4 5 |  5.0
Spellcasting   | 3 4 5 6 |  6.4
Translocations | 4 5 6 |  6.3
Throwing       | |  0.8

Action                   |  1- 3 |  4- 6 |  7- 9 | 10-12 || total
-------------------------+-------+-------+-------+-------++-------
Melee: Falchion          |   142 |   271 |   172 |   195 ||   780
       Bite              |    28 |    64 |   150 |   286 ||   528
       Scimitar          |       |       |   373 |   685 ||  1058
 Cast: Shroud of Golubri |       |     9 |    22 |    58 ||    89
       Blink             |       |       |     1 |       ||     1
       Apportation       |       |       |     1 |       ||     1
       Passage of Golubr |       |       |       |     7 ||     7
Evoke: Wand              |       |       |       |     4 ||     4
  Use: Potion            |       |     9 |     3 |     2 ||    14
       Scroll            |       |     4 |     2 |     7 ||    13
 Stab: Sleeping          |     2 |     5 |     7 |     5 ||    19
       Distracted        |       |       |     1 |     2 ||     3
  Eat: Chunk             |     2 |    22 |    10 |    15 ||    49
       Meat ration       |       |     1 |       |       ||     1
       Royal jelly       |       |       |     1 |       ||     1
       Pizza             |       |       |     1 |       ||     1
       Bread ration      |       |       |       |     1 ||     1
Armor: Leather armour    |    44 |    54 |    87 |   144 ||   329
       Skin              |       |       |    51 |       ||    51
Dodge: Dodged            |    83 |   115 |   214 |   360 ||   772
Block: Buckler           |    21 |    42 |    94 |   281 ||   438
       Reflection        |       |       |       |    10 ||    10
